 Dungeon Crawl Stone Soup version 0.17.1-1-g73c8601 (console) character file.

926 Kloppie the Cleaver (level 8, 0/74 HPs)
             Began as a Hill Orc Fighter on Dec 12, 2015.
             Slain by Pikel
             ... wielding a +1 whip of freezing
              (1 damage)
             ... on level 5 of the Dungeon.
             The game lasted 00:08:15 (4372 turns).

Kloppie the Cleaver (Hill Orc Fighter)              Turns: 4372, Time: 00:08:15

Health: 0/74       AC:  8    Str: 19    XL:     8   Next: 10%
Magic:  8/8        EV: 12    Int:  8    God:
Gold:   225        SH: 10    Dex: 17    Spells: 0 memorised, 7 levels left

rFire  . . .     SeeInvis .     a - +0 war axe
rCold  . . .     Clarity  .     b - +0 scale mail
rNeg   . . .     SustAt   .     c - +0 shield
rPois  .         Gourm    .     (no helmet)
rElec  .         Spirit   .     (no cloak)
rCorr  .         Warding  .     (no gloves)
rMut   .         Stasis   .     f - +0 pair of boots
MR     .....                    (no amulet)
Stlth  +.........               (no ring)
                                (no ring)

@: agile, not resistant to hostile enchantments, very unstealthy
A: no striking features
a: no special abilities


You were on level 5 of the Dungeon.
You were very hungry.

You visited 1 branch of the dungeon, and saw 6 of its levels.

You collected 225 gold pieces.

Inventory:

Hand Weapons
 a - a +0 war axe (weapon)
Armour
 b - a +0 scale mail (worn)
 c - a +0 shield (worn)
 f - a +0 pair of boots (worn)
 r - a cursed +0 chain mail
Jewellery
 n - a cursed ring of protection from fire {unknown}
Scrolls
 j - 2 scrolls of remove curse {unknown}
 k - a scroll of teleportation {unknown}
 l - a scroll of recharging {unknown}
 p - 2 scrolls of fog {unknown}
 q - 5 scrolls of identify {unknown}
 t - a scroll of fear {unknown}
 u - a scroll of enchant weapon {unknown}
Potions
 g - 4 potions of agility
 h - 2 potions of degeneration {unknown}
 i - 3 potions of heal wounds {unknown}
 v - 2 potions of invisibility {unknown}
 w - a potion of ambrosia {unknown}
 x - a potion of brilliance {unknown}
Comestibles
 e - 3 bread rations
 m - a meat ration
 o - 2 slices of pizza


   Skills:
 + Level 7.8 Fighting
 + Level 8.0 Axes
 - Level 4.3 Armour
 - Level 4.2 Shields


You had 7 spell levels left.
You didn't know any spells.

Dungeon Overview and Level Annotations

Branches:
Dungeon (6/15)             Temple (0/1) D:5

Altars:
Makhleb
Qazlal
Trog
Vehumet
Yredelemnul

Annotations:
D:2 1 runed door
D:5 Pikel


Message History

You closely miss Pikel.
Pikel is heavily wounded.
You barely miss the slave.
The slave is moderately wounded.
You block the slave's attack. You block Pikel's attack.
You closely miss Pikel.
Pikel is heavily wounded.
You completely miss the slave.
The slave is moderately wounded.
You block the slave's attack. Pikel barely misses you.
Pikel hits you but does no damage. The slave hits you but does no damage.
You barely miss Pikel.
Pikel is heavily wounded.
You closely miss the slave.
The slave is moderately wounded.
The quokka twitches its whiskers.
The slave barely misses you. Pikel hits you with a whip of freezing.
* * * LOW HITPOINT WARNING * * *
Pikel freezes you.
You die...

....................#
.......###.....>....#
.....###
##.........### .....#
#...........## .....#
#....##.###..##
.....#
#..###.........
.....# #.##
#...#...#. .....# ..#
#.?.#.⌠.#. ...### ...
#@###...## #### #+#
#Kpr...... #ppw..>..⌠
#......... #.###...##
....#.⌠.#. ..
....#..?#. #..
......... ##...


You could see Pikel, 3 slaves, a worm and a quokka.

Vanquished Creatures
  Eustachio (D:6)
  The ghost of smajdalf the Tainter, an amateur NaVM (D:5)
  A slave (D:5)
  A phantom (D:6)
  A centaur (D:5)
  Blork the orc (D:6)
  The ghost of Dickchan the Ruffian, a weakling DrMo (D:3)
  A giant frog skeleton (D:5)
  An orc priest (D:5)
  An iguana (D:5)
  Ijyb (D:3)
  Jessica (D:2)
  3 orc wizards
  3 gnolls
  4 adders
  An ooze (D:3)
  A worm (D:3)
  A giant gecko (D:3)
  9 orcs
  6 bats
  6 goblins
  9 hobgoblins
  10 kobolds
  A ball python (D:2)
  3 giant cockroaches
  3 giant newts
  A goblin skeleton (D:2)
  A jackal zombie (D:2)
  2 quokkas (D:3)
  4 rats
80 creatures vanquished.

Notes
Turn   | Place    | Note
--------------------------------------------------------------
     0 | D:1      | Kloppie the Hill Orc Fighter began the quest for the Orb.
     0 | D:1      | Reached XP level 1. HP: 19/19 MP: 1/1
   169 | D:1      | Reached XP level 2. HP: 27/27 MP: 2/2
   742 | D:2      | Noticed Jessica
   746 | D:2      | Killed Jessica
   746 | D:2      | Reached skill level 4 in Fighting
   746 | D:2      | Reached XP level 3. HP: 18/33 MP: 3/3
   907 | D:2      | Found a runed door.
   907 | D:2      | Noticed a human
   914 | D:2      | Found a basalt altar of Yredelemnul.
  1196 | D:2      | Reached XP level 4. HP: 40/40 MP: 4/4
  1236 | D:2      | Found a radiant altar of Vehumet.
  1708 | D:3      | Noticed Ijyb
  1733 | D:3      | Killed Ijyb
  1753 | D:3      | Noticed Dickchan's ghost (weakling DrMo)
  1762 | D:3      | Killed Dickchan's ghost
  1762 | D:3      | Reached XP level 5. HP: 34/47 MP: 5/5
  2481 | D:2      | Reached skill level 5 in Fighting
  2722 | D:3      | Reached skill level 5 in Axes
  2860 | D:4      | You fall through a shaft for 2 floors!
  2927 | D:6      | Found a burning altar of Makhleb.
  2975 | D:6      | Noticed Blork the orc
  2990 | D:6      | Killed Blork the orc
  2990 | D:6      | Reached XP level 6. HP: 18/56 MP: 6/6
  3292 | D:6      | Found a stormy altar of Qazlal.
  3325 | D:6      | Found a bloodstained altar of Trog.
  3374 | D:6      | Noticed Eustachio
  3458 | D:6      | Killed Eustachio
  3458 | D:6      | Reached skill level 6 in Fighting
  3458 | D:6      | Reached XP level 7. HP: 29/64 MP: 7/7
  3926 | D:5      | Entered Level 5 of the Dungeon
  3931 | D:5      | Noticed smajdalf's ghost (amateur NaVM)
  3931 | D:5      | Reached skill level 7 in Fighting
  3943 | D:5      | Killed smajdalf's ghost
  4246 | D:5      | Reached XP level 8. HP: 48/74 MP: 8/8
  4284 | D:5      | Reached skill level 8 in Axes
  4337 | D:5      | Found a staircase to the Ecumenical Temple.
  4341 | D:5      | Noticed Pikel
  4372 | D:5      | HP: 1/74 [Pikel/whip of freezing (4)]
  4372 | D:5      | Slain by Pikel

Action                   |  1- 3 |  4- 6 |  7- 9 || total
-------------------------+-------+-------+-------++-------
Melee: War axe           |   117 |   170 |    89 ||   376
  Use: Potion            |       |       |     2 ||     2
  Eat: Chunk             |     1 |     7 |     1 ||     9
       Beef jerky        |       |       |     1 ||     1
